 Dungeon Crawl Stone Soup version 0.30.0-11-gf55b779eaf (webtiles) character file.

Game seed: 16494325219057920394

75 Esekla the Grave Robber (level 4, -7/28 HPs)
             Began as an Octopode Necromancer on May 17, 2023.
             Mangled by a black bear (13 damage)
             ... on level 3 of the Dungeon.
             The game lasted 00:07:54 (2324 turns).

Esekla the Grave Robber (Octopode Necromancer)      Turns: 2324, Time: 00:07:55

Health: -7/28      AC:  1    Str:  7    XL:     4   Next: 31%
Magic:  1/7        EV: 13    Int: 19    God:
Gold:   129        SH:  0    Dex: 12    Spells: 3/7 levels left

rFire   . . .        e - +0 dagger
rCold   . . .        (no shield)
rNeg    . . .        (helmet restricted)
rPois   .            (no amulet)
rElec   .            (no ring)
rCorr   .            (no ring)
SInv    .            (no ring)
Will    .....        (no ring)
Stlth   +++          (no ring)
HPRegen 0.24/turn    (no ring)
MPRegen 0.10/turn    (no ring)
                     (no ring)

%: no passive effects
@: no status effects
A: almost no armour, amphibious, 8 rings, camouflage 1, gelatinous body 1,
(nimble swimmer 1), tentacles
a: no special abilities


You were on level 3 of the Dungeon.
You visited 1 branch of the dungeon, and saw 3 of its levels.

You collected 129 gold pieces.

Inventory:

Hand Weapons
 e - a +0 dagger (weapon)
Missiles
 p - 4 poisoned darts (quivered)
Scrolls
 b - a scroll of noise {unknown}
 f - 2 scrolls of teleportation {unknown}
 i - 5 scrolls of identify {unknown}
 l - 2 scrolls of enchant armour {unknown}
 n - a scroll of fog {unknown}
 o - a scroll of brand weapon {unknown}
 q - a scroll of blinking {unknown}
Potions
 a - a potion of magic
 c - a potion of might {unknown}
 d - 3 potions of curing {unknown}
 g - a potion of invisibility {unknown}
 h - a potion of degeneration {unknown}
 j - a potion of flight {unknown}
 k - 2 potions of attraction {unknown}
 m - 2 potions of heal wounds {unknown}


   Skills:
 * Level 1.2 Fighting
 + Level 0.5 Short Blades
 * Level 2.5 Dodging
 + Level 3.6 Stealth
 * Level 2.3 Spellcasting
 * Level 4.5 Necromancy


You had 3 spell levels left.
You knew the following spells:

 Your Spells              Type           Power      Damage    Failure   Level
a - Necrotise             Necr           76%        1d7       2%          1
d - Vampiric Draining     Necr           19%        2d7       8%          3

Your spell library contained the following spells:

 Spells                   Type           Power      Damage    Failure   Level
 Portal Projectile        Hex/Tloc       4%         N/A       43%         3
 Tukima's Dance           Hex            2%         N/A       43%         3
 Animate Dead             Necr           19%        N/A       26%         4
 Agony                    Necr           19%        N/A       56%         5
 Blade Hands              Tmut           1%         N/A       99%         5


Dungeon Overview and Level Annotations

Branches:
Dungeon (3/15)

Altars:


Innate Abilities, Weirdness & Mutations

You cannot wear most types of armour.
You are amphibious.
You can wear up to eight rings at the same time.
Your skin changes colour to match your surroundings (Stealth+).
Your rubbery body absorbs attacks. (AC +1, EV +1)
((You are camouflaged when in or above water. (Stealth+)))
You have tentacles for arms and can constrict up to eight enemies at once.


Message History

You throw a poisoned dart. The poisoned dart hits the black bear.
The black bear is poisoned.
You barely miss the black bear. You grab the black bear.
You constrict the black bear, but do no damage.
The black bear bites you. The black bear barely misses you. x2
You hit the black bear but do no damage.
You constrict the black bear, but do no damage.
The black bear bites you! The black bear barely misses you.
The black bear misses you.
Casting: Vampiric Draining (quite dangerous; 8% risk of failure)
Confirm with . or Enter, or press ? or * to list all spells.
The spell is quite dangerous to miscast (8% risk of failure)!
Continue anyway?
Aiming: Vampiric Draining (quite dangerous; 8% risk of failure)
Press: ? - help, Shift-Dir - straight line, f/p - black bear
Aim: a black bear (lightly wounded, constricted by you, poisoned)
You draw life force from the black bear!
You feel life coursing into your body.
You constrict the black bear. The black bear bites you.
The black bear barely misses you. The black bear closely misses you.
Casting: Vampiric Draining (quite dangerous; 8% risk of failure)
Confirm with . or Enter, or press ? or * to list all spells.
The spell is quite dangerous to miscast (8% risk of failure)!
Continue anyway?
Aiming: Vampiric Draining (quite dangerous; 8% risk of failure)
Press: ? - help, Shift-Dir - straight line, f/p - black bear
Aim: a black bear (heavily wounded, constricted by you, poisoned)
You draw life force from the black bear.
You feel life coursing into your body.
You constrict the black bear. The black bear bites you!
The black bear claws you but does no damage.
The black bear completely misses you.
You hit the black bear but do no damage.
The black bear is severely wounded.
You constrict the black bear.
The black bear goes berserk!
You hit the black bear but do no damage.
The black bear is almost dead.
You constrict the black bear. The black bear bites you.
The black bear barely misses you. The black bear claws you!
* * * LOW HITPOINT WARNING * * *
The black bear bites you!
You die...

###############
#.h@..........#
#(###########.###### #.#
.. #........ #######.#.#
#..###### .......h..#
#..#..... ........).#
#..#.#.#.
..........##.#####..#.#...
(.........##........#.###.
..........########.##.....


You could see a black bear (berserk, poisoned).

Vanquished Creatures
  3 adders
  3 dart slugs
  An orc (D:3)
  3 endoplasms
  4 goblins
  3 hobgoblins
  4 quokkas
  6 ball pythons
  4 bats
  A frilled lizard (D:2)
  5 kobolds
  5 rats
42 creatures vanquished.

Notes
Turn   | Place    | Note
-------+----------+-------------------------------------------
     0 | D:1      | Esekla the Octopode Necromancer began the quest for the
                  | Orb.
     0 | D:1      | Reached XP level 1. HP: 11/11 MP: 3/3
   269 | D:1      | Reached XP level 2. HP: 17/18 MP: 5/5
   803 | D:2      | Identified the +0 rapier of Iconoclasm {freeze, rN+}
   848 | D:2      | Reached XP level 3. HP: 22/22 MP: 6/6
   852 | D:2      | Learned a level 3 spell: Vampiric Draining
  1080 | D:2      | Reached skill level 1 in Fighting
  1422 | D:2      | Identified the +0 chain mail of Ruosico {Slay+3}
  1715 | D:3      | Reached XP level 4. HP: 28/28 MP: 7/7
  1887 | D:3      | Noticed a black bear
  2324 | D:3      | Mangled by a black bear

Illustrated notes

Levels and vault maps discovered:
D:1:      lemuel_arrival_muddy, layout_basic
D:2:      layout_basic
D:3:      layout_basic, tgw_trog

Skill      XL: |  1  2  3 |
---------------+----------+-----
Stealth        | 3 |  3.6
Fighting       | 1 |  1.2
Short Blades   | |  0.5
Dodging        | |  2.5
Spellcasting   | |  2.3
Necromancy     | |  4.5

Action                     |  1- 3 |  4- 6 || total
---------------------------+-------+-------++-------
  Melee: Unarmed           |    22 |       ||    22
         Constrict         |    21 |     3 ||    24
         Tentacles         |    14 |     1 ||    15
         Dagger            |    49 |    24 ||    73
         Punch             |       |     1 ||     1
  Throw: Dart              |       |     1 ||     1
   Cast: Vampiric Draining |     1 |     3 ||     4
   Stab: Sleeping          |    16 |     3 ||    19
 Armour: Skin              |     6 |     5 ||    11
  Dodge: Dodged            |    36 |    14 ||    50
